 Dungeon Crawl Stone Soup version 0.28-a0-224-g76b539d98b (webtiles) character file.

Game seed: 17011822929092154418

331 freelancePsychic the Sneak (level 6, -2/34 HPs)
             Began as a Deep Elf Fire Elementalist on Aug 21, 2021.
             Killed from afar by Ijyb (11 damage)
             ... with a puff of flame
             ... on level 4 of the Dungeon.
             The game lasted 00:06:21 (4377 turns).

freelancePsychic the Sneak (DEFE)                   Turns: 4377, Time: 00:06:22

Health: -2/34      AC:  3    Str:  6    XL:     6   Next: 26%
Magic:  0/13       EV: 12    Int: 21    God:
Gold:   186        SH:  0    Dex: 15    Spells: 11/12 levels left

rFire   . . .      SeeInvis .   n - +2 dagger (vamp)
rCold   . . .      Faith    .   (no shield)
rNeg    . . .      Spirit   .   a - +0 robe
rPois   .          Reflect  .   (no helmet)
rElec   .          Harm     .   (no cloak)
rCorr   .          Rampage  .   (no gloves)
Will    .....                   k - +0 pair of boots
Stlth   +++.......              (no amulet)
HPRegen 0.11/turn               (no ring)
MPRegen 0.13/turn               (no ring)

@: very slightly contaminated
A: no striking features
a: no special abilities


You were on level 4 of the Dungeon.
You visited 1 branch of the dungeon, and saw 4 of its levels.

You collected 186 gold pieces.

Inventory:

Hand Weapons
 n - a +2 vampiric dagger (weapon)
Armour
 a - a +0 robe (worn)
 b - a +0 pair of gloves
 k - a +0 pair of boots (worn)
Scrolls
 c - 3 scrolls of magic mapping
 e - 6 scrolls of identify {@r1}
 g - a scroll of torment
 i - a scroll of blinking {unknown}
 m - a scroll of amnesia {unknown}
Potions
 d - 3 potions of might {unknown}
 f - 2 potions of invisibility
 h - 2 potions of heal wounds {unknown}
 j - a potion of curing {unknown}
 l - a potion of resistance {unknown}


   Skills:
 + Level 1.0 Fighting
 - Level 2.4 Dodging
 - Level 5.0 Stealth
 + Level 3.6 Spellcasting
 - Level 3.6 Conjurations
 + Level 3.4 Hexes
 - Level 4.1 Fire Magic


You had 11 spell levels left.
You knew the following spells:

 Your Spells              Type           Power      Damage    Failure   Level
a - Foxfire               Conj/Fire      80%        2x1d8     2%          1

Your spell library contained the following spells:

 Spells                   Type           Power      Damage    Failure   Level
 Conjure Flame            Conj/Fire      20%        6-21      8%          3
 Inner Flame              Hex/Fire       19%        N/A       8%          3
 Ensorcelled Hibernation  Hex/Ice        20%        N/A       10%         2
 Passwall                 Tmut/Erth      2%         N/A       19%         2
 Sticky Flame             Conj/Fire      20%        2d4       26%         4
 Spider Form              Tmut/Pois      1%         N/A       36%         3
 Swiftness                Air            3%         N/A       36%         3
 Fireball                 Conj/Fire      10%        3d6       56%         5
 Invisibility             Hex            9%         N/A       99%         6
 Shadow Creatures         Summ           N/A        N/A       100%        6


Dungeon Overview and Level Annotations

Branches:
Dungeon (4/15)
 Temple: D:4-7

Altars:

Annotations:
D:3 1 runed translucent door, serprex's ghost, amateur OpTm
D:4 Ijyb


Message History

The foxfire hits something!
The foxfire hits something but does no damage.
You conjure some foxfire!
The foxfire hits something.
You conjure some foxfire!
The foxfire hits something but does no damage. x4
You conjure some foxfire!
The foxfire hits something but does no damage.
You conjure some foxfire!
The foxfire hits something but does no damage. x3
You hear a zap.
A puff of flame appears from out of thin air!
The puff of flame hits you.
You conjure some foxfire!
The foxfire hits something but does no damage.
The foxfire hits something.
You conjure some foxfire!
The foxfire hits something but does no damage.
The foxfire hits something.
You conjure some foxfire!
The foxfire hits something but does no damage. x2
Something hits you.
You are too injured to fight recklessly!
Casting: Foxfire (safe; 2% risk of failure)
Confirm with . or Enter, or press ? or * to list all spells.
You don't have enough magic to cast this spell.
You are too injured to fight recklessly!
You completely miss something.
The foxfire hits something but does no damage. x2
Something hits you.
You hit something but do no damage. Something hits you.
Casting: Foxfire (safe; 2% risk of failure)
Confirm with . or Enter, or press ? or * to list all spells.
You miscast Foxfire.
You are very lightly contaminated with residual magic.
Nothing appears to happen.
Something hits you!
* * * LOW HITPOINT WARNING * * *
You hear a zap.
A puff of flame appears from out of thin air!
The puff of flame hits you!
You die...

##........##########
#.......###
#.####......##
#..........#
###........#
######...## ##..)#
#...## #..#...@#####
#...........##
#........{....#
#.............#
#.................
#.................
#.................
..................
.................


There were no monsters in sight!

Vanquished Creatures
  An ogre (D:4)
  A scorpion (D:4)
  A hound (D:4)
  An orc priest (D:4)
  An orc wizard (D:4)
  2 adders
  An ufetubus (D:4)
  A worm (D:4)
  A dart slug (D:1)
  6 orcs
  5 bats
  7 endoplasms
  5 giant cockroaches
  7 goblins
  5 hobgoblins
  10 kobolds
  3 quokkas
  7 ball pythons
  A frilled lizard (D:2)
  5 rats
71 creatures vanquished.

Vanquished Creatures (collateral kills)
  A foxfire (D:3)
1 creature vanquished.

Vanquished Creatures (others)
  370 foxfires
  6 plants (D:3)
376 creatures vanquished.

Grand Total: 448 creatures vanquished

Notes
Turn   | Place    | Note
-------+----------+-------------------------------------------
     0 | D:1      | freelancePsychic the Deep Elf Fire Elementalist began the
                  | quest for the Orb.
     0 | D:1      | Reached XP level 1. HP: 10/10 MP: 6/6
   265 | D:1      | Reached XP level 2. HP: 14/15 MP: 5/8
   307 | D:1      | Reached skill level 3 in Stealth
   521 | D:1      | Found a faded altar of an unknown god.
  1254 | D:2      | Reached XP level 3. HP: 19/19 MP: 6/9
  2255 | D:3      | Found a runed translucent door.
  2257 | D:3      | Noticed serprex's ghost (amateur OpTm)
  2379 | D:3      | Reached XP level 4. HP: 24/24 MP: 7/10
  3174 | D:4      | Noticed an ogre
  3184 | D:4      | Killed an ogre
  3185 | D:4      | Reached skill level 4 in Stealth
  3185 | D:4      | Reached skill level 1 in Hexes
  3185 | D:4      | Reached XP level 5. HP: 28/28 MP: 3/11
  3363 | D:4      | Noticed Ijyb
  3367 | D:4      | Reached skill level 5 in Stealth
  4140 | D:4      | Reached XP level 6. HP: 22/33 MP: 3/12
  4349 | D:4      | Reached skill level 1 in Fighting
  4362 | D:4      | Identified the +7 chain mail of the banana {rElec rPois
                  | rCorr Str-2}
  4377 | D:4      | Killed from afar by Ijyb

Illustrated notes

Levels and vault maps discovered:
D:1:      dpeg_arrival_pits, layout_rooms, chequers_ecumenical_altar_grove
D:2:      layout_loops_cross
D:3:      layout_loops_ring, ebering_ghost_reflecting_pool, minmay_fountain_box,
          serial_bayou_pond_c
D:4:      layout_layer_cave, uniq_ijyb

Skill      XL: |  1  2  3  4  5  6 |
---------------+-------------------+-----
Stealth        | 3 4 5 |  5.0
Conjurations   | 2 3 |  3.6
Fire Magic     | 4 |  4.1
Hexes          | 1 3 |  3.4
Fighting       | 1 |  1.0
Dodging        | |  2.4
Spellcasting   | |  3.6

Action                   |  1- 3 |  4- 6 || total
-------------------------+-------+-------++-------
Melee: Dagger            |       |     2 ||     2
 Cast: Foxfire           |   120 |   103 ||   223
  Use: Scroll            |       |     3 ||     3
Armor: Robe              |     1 |       ||     1
Dodge: Dodged            |     4 |       ||     4

Table legend: (Time is in decaauts)
 A = Elapsed time spent in this place.
 B = Non-inter-level travel time spent in this place.
 C = Inter-level travel time spent in this place.
 D = Time resting spent in this place.
 E = Time spent auto-exploring this place.
 F = Levels seen in this place.
 G = Mean time per level.
                   A        B        C        D        E       F      G
               +--------+--------+--------+--------+--------+-----+--------+
         Total |   4380 |   4270 |    110 |    253 |   3490 |   4 | 1095.0 |
       Dungeon |   4380 |   4270 |    110 |    253 |   3490 |   4 | 1095.0 |
               +--------+--------+--------+--------+--------+-----+--------+

Top non-repeatable levels by time:
     D:4: 1413 daAuts
     D:2: 1178 daAuts
     D:3: 1101 daAuts
     D:1: 686 daAuts
